 Dungeon Crawl Stone Soup version 0.26.0-10-g1f06aea511 (webtiles) character file.

Game seed: 15995215805290231594

107 Yuikono1 the Covered (level 4, -10/41 HPs)
             Began as a Minotaur Fighter on Jan 15, 2021.
             Was an Initiate of Ashenzari.
             Killed by divine providence
             ... invoked by an orc priest
              (14 damage)
             ... on level 3 of the Dungeon.
             The game lasted 00:05:01 (1982 turns).

Yuikono1 the Covered (Minotaur Fighter)             Turns: 1982, Time: 00:05:02

Health: -10/41     AC: 10    Str: 21    XL:     4   Next: 57%
Magic:  3/3        EV:  5    Int:  5    God:    Ashenzari [......]
Gold:   70         SH:  9    Dex: 10    Spells: 3/3 levels left

rFire    . . .     SeeInvis .   a - +0 long sword
rCold    . . .     Faith    .   c - +0 kite shield
rNeg     . . .     Spirit   .   r - +0 chain mail
rPois    .         Reflect  .   (helmet restricted)
rElec    .         Harm     .   u - +0 cloak
rCorr    .         Rampage  .   (no gloves)
Will     .....                  (no boots)
Stlth    ..........             (no amulet)
HPRegen  0.13/turn              (no ring)
MPRegen  0.08/turn              (no ring)

@: no status effects
A: retaliatory headbutt, horns 2
a: Renounce Religion, Curse Item


You were on level 3 of the Dungeon.
You worshipped Ashenzari.
Ashenzari was noncommittal.
You visited 1 branch of the dungeon, and saw 3 of its levels.

You collected 70 gold pieces.

Inventory:

Hand Weapons
 a - a +0 long sword (weapon)
Missiles
 h - 40 stones (quivered)
 i - 2 silver boomerangs
 k - a throwing net
 l - 26 bolts
 m - 6 poisoned darts
 s - 28 arrows
 t - 38 sling bullets
Armour
 b - a +0 scale mail
 c - a +0 kite shield (worn)
 r - a +0 chain mail (worn)
 u - a +0 cloak (worn)
Jewellery
 e - a cursed ring of teleportation
Scrolls
 f - 7 scrolls of identify {unknown}
 g - 4 scrolls of remove curse
 n - a scroll of teleportation {unknown}
 p - a scroll of enchant weapon {unknown}
 q - a scroll of immolation {unknown}
 w - a scroll of fog {unknown}
Potions
 d - 2 potions of might
 j - 3 potions of curing {unknown}
 o - a potion of flight {unknown}
 v - a potion of resistance {unknown}


   Skills:
 + Level 4.5 Fighting
 + Level 3.6 Long Blades
 + Level 4.5 Armour
 + Level 4.4 Shields


You had 3 spell levels left.
You didn't know any spells.
Your spell library was empty.

Dungeon Overview and Level Annotations

Branches:
Dungeon (3/15)

Altars:
Ashenzari
Dithmenos
Fedhas
Qazlal
Sif Muna


Innate Abilities, Weirdness & Mutations

You reflexively headbutt those who attack you in melee.
You have a pair of horns on your head.


Message History

Something hits you but does no damage. The kobold hits you but does no damage.
The orc priest looks encouraged for a moment.
You barely miss the rat. The rat bites you but does no damage.
You block the rat's attack.
You hit the rat. You headbutt the rat.
You kill the rat!
Your chain mail prevents you from hitting the kobold.
Your headbutt misses the kobold.
The kobold is moderately wounded.
The kobold hits you.
You slash the kobold!
You kill the kobold!
You closely miss the orc warrior. Your headbutt misses the orc warrior.
The orc warrior hits you with a +0 long sword!
* * * LOW HITPOINT WARNING * * *
You hit the orc warrior but do no damage.
You block the orc warrior's attack.
The orc priest calls down the wrath of Beogh upon you.
Beogh smites you!
You die...

_..##......###
#....##..#.#..#
.P)##........#
#..._.#....#..#
....###......#
#....##....# ....#
#......# ##..##...#.#
....#
#......######.....##.#
....# #......#....###÷..#
....# #......#..........#
....###......#..........#
..†...'......#..@.......#
....###......##.######.>#
....# #......##o## ###
....# #......##.o# ##
##### #....oo..o.#####.#
..).###.....####.....#.#
..oo((÷.o...# #.###.#.#
..).###.....# ##.###.#.#
............###...##.#.#


You could see an orc warrior and an orc priest.

Vanquished Creatures
  3 adders (D:3)
  2 worms (D:3)
  3 dart slugs (D:1)
  2 orcs (D:3)
  9 bats
  2 giant cockroaches
  7 goblins
  7 hobgoblins
  11 jackals
  A quokka (D:3)
  3 ball pythons (D:1)
  A frilled lizard (D:2)
  7 kobolds
  4 rats
62 creatures vanquished.

Notes
Turn   | Place    | Note
-------+----------+-------------------------------------------
     0 | D:1      | Yuikono1 the Minotaur Fighter began the quest for the Orb.
     0 | D:1      | Reached XP level 1. HP: 19/19 MP: 0/0
    87 | D:1      | Reached XP level 2. HP: 27/27 MP: 1/1
   375 | D:1      | Reached XP level 3. HP: 30/33 MP: 2/2
  1174 | D:2      | Found a shimmering blue altar of Sif Muna.
  1299 | D:2      | Found a broken altar of Ashenzari.
  1318 | D:2      | Became a worshipper of Ashenzari the Shackled
  1559 | D:3      | Reached XP level 4. HP: 27/40 MP: 3/3
  1687 | D:3      | Found a stormy altar of Qazlal.
  1731 | D:3      | Found a shadowy altar of Dithmenos.
  1874 | D:3      | Found a blossoming altar of Fedhas.
  1911 | D:3      | Noticed an orc warrior
  1982 | D:3      | Killed from afar by an orc priest

Illustrated notes

Levels and vault maps discovered:
D:1:      lemuel_arrival_muddy, layout_rooms
D:2:      layout_rooms, lemuel_doored_altar, led_sif_pool,
          minmay_misc_feat_ornament
D:3:      layout_basic, okawaru_trees_1, tso_metal_star, fedhas_altar_1,
          nicolae_dithmenos_through_a_glass_darkly,
          nicolae_overflow_crystal_walls

Skill      XL: |  1  2 |
---------------+-------+-----
Fighting       | 4 |  4.5
Armour         | 4 |  4.5
Shields        | 4 |  4.4
Long Blades    | 3 |  3.6

Action                   |  1- 3 |  4- 6 || total
-------------------------+-------+-------++-------
Melee: Long sword        |   103 |    36 ||   139
       Headbutt          |    17 |     3 ||    20
Armor: Scale mail        |    60 |       ||    60
       Chain mail        |     4 |    14 ||    18
Dodge: Dodged            |    32 |    13 ||    45
Block: Kite shield       |    62 |    21 ||    83
       Rpst.: Long sword |     8 |     3 ||    11
